 Dungeon Crawl Stone Soup version 0.30.0-19-g36f170ea60 (webtiles) character file.

Game seed: 10226251553126470670

905 Irreverend the Ducker (level 7, 0/33 HPs)
             Began as a Felid Summoner on June 2, 2023.
             Was an Initiate of Gozag.
             Succumbed to a killer bee's poison
             ... on level 8 of the Dungeon.
             The game lasted 00:20:31 (9086 turns).

Irreverend the Ducker (Felid Summoner)              Turns: 9086, Time: 00:20:32

Health: 0/33       AC:  2    Str:  4    XL:     7   Next: 80%
Magic:  12/16      EV: 21    Int: 21    God:    Gozag
Gold:   211        SH:  0    Dex: 16    Spells: 4/17 levels left
                                        Lives:  0   Deaths: 2

rFire   . . .        (weapon unavailable)
rCold   . . .        (shield unavailable)
rNeg    . . .        (body armour unavailable)
rPois   .            (helmet unavailable)
rElec   .            (cloak unavailable)
rCorr   .            (gloves unavailable)
SInv    +            (boots unavailable)
Will    +....        (no amulet)
Stlth   ++           (no ring)
HPRegen 0.25/turn    (no ring)
MPRegen 0.15/turn

%: no passive effects
@: lethally poisoned (0 -> -3), gold aura, hasted, very quick
A: very small, claws 1, fangs 3, see invisible, speed 1, shaggy fur 2, stealthy
paws, no weapons or thrown items, no armour, multi-lived
a: Renounce Religion, Potion Petition, Call Merchant, Bribe Branch


You were on level 8 of the Dungeon.
You worshipped Gozag.
Gozag was aware of your devotion.
You visited 2 branches of the dungeon, and saw 9 of its levels.
You also visited: Ossuary.

You collected 491 gold pieces.
You paid 280 gold pieces to Gozag.

Inventory:

Scrolls
 b - a scroll of vulnerability
 e - a scroll of noise {unknown}
 f - a scroll of fog {unknown}
 m - 2 scrolls of teleportation
 n - a scroll of poison {unknown}
 o - a scroll of brand weapon
 p - a scroll of enchant armour {unknown}
Potions
 c - a potion of degeneration {unknown}
 g - a potion of brilliance
 h - 2 potions of resistance {unknown}
 j - a potion of haste
 k - 2 potions of ambrosia {unknown}
 q - a potion of flight


   Skills:
 + Level 5.1 Fighting
 + Level 7.5 Dodging
 - Level 2.6 Stealth
 + Level 5.9 Spellcasting
 - Level 3.8 Hexes
 + Level 7.3 Summonings
 + Level 3.9 Air Magic


You had 4 spell levels left.
You knew the following spells:

 Your Spells              Type           Power      Damage    Failure   Level
a - Summon Small Mammal   Summ           100%       N/A       1%          1
b - Call Imp              Summ           74%        N/A       1%          2
c - Call Canine Familiar  Summ           37%        N/A       1%          3
d - Summon Guardian Gole  Hex/Summ       29%        N/A       3%          3
e - Summon Lightning Spi  Summ/Air       29%        N/A       10%         4

Your spell library contained the following spells:

 Spells                   Type           Power      Damage    Failure   Level
 Dazzling Flash           Conj/Hex       28%        N/A       14%         3
 Volatile Blastmotes      Fire/Tloc      12%        2d11      30%         3
 Iskenderun's Mystic Bla  Conj/Tloc      6%         2d4       69%         4
 Starburst                Conj/Fire      3%         6d3       100%        6


Dungeon Overview and Level Annotations

Branches:
Dungeon (8/15)             Temple (1/1) D:5         Ossuary (visited)
   Lair: D:8-11

Altars:
Elyvilon
Gozag
Makhleb
Nemelex Xobeh
Okawaru
Uskayaw
Vehumet

Annotations:
D:3 2 transporters, exclusion: statue, booth's ghost, amateur GnRe


Innate Abilities, Weirdness & Mutations

You have sharp claws.
You have razor-sharp teeth.
You have supernaturally acute eyesight. (SInv)
You cover ground quickly. (Speed+)
You are covered in thick fur. (AC +2)
Your paws help you pounce on unaware monsters.
You are incapable of wielding weapons or throwing items.
You cannot wear armour.
You gain extra lives every three experience levels.


Message History

You are lethally poisoned!
The killer bee poisons you!
You scratch the killer bee but do no damage.
The killer bee is almost dead.
* * * LOW HITPOINT WARNING * * *
You feel very sick. The killer bee misses you.
The killer bee closely misses you.
You closely miss the killer bee.
The killer bee is almost dead.
* * * LOW HITPOINT WARNING * * *
You feel sick.
The wight is no longer distracted by gold.
The killer bee misses you.
The killer bee is distracted by your dazzling golden aura.
The killer bee buzzes angrily.
You scratch the killer bee but do no damage.
The killer bee is no longer distracted by gold.
The killer bee is almost dead.
* * * LOW HITPOINT WARNING * * *
You feel sick.
The killer bee is distracted by your dazzling golden aura.
You scratch the killer bee.
The killer bee is no longer distracted by gold.
The killer bee is almost dead.
* * * LOW HITPOINT WARNING * * *
You feel sick.
The killer bee is distracted by your dazzling golden aura. [a] - 210 gold - haste [b] - 510 gold - lignification, might and resistance [c] - 924 gold - heal wounds, curing, magic, lignification, might and resistance Purchase which effect?
You don't have enough gold for that! [a] - 210 gold - haste [b] - 510 gold - lignification, might and resistance [c] - 924 gold - heal wounds, curing, magic, lignification, might and resistance Purchase which effect?
You no longer have enough gold to petition Gozag for potion effects.
You feel yourself speed up.
You die...
Your body crumbles into a pile of gold.

,,,,*,,,,,,,,,,,,,,*,,,,,,,,,,,,,
,>,,*,,,,,,,,,,,,,,*,,..,$,,,,,,,
,,,,*,,,,,,,,,,,,,,*....,,,,,,,,,
+*****,,,,,>,,,,,,,*....,,,,,,,,,
,,,,,**+*###########...,,,,,,,,,,
,,,,,,,,.............#*+*********
,,,,,,,,.............+,,,,,,,,,,*
,,,,,,,,.............#,,,,,,,,,,*
,,,,,,,,....$...@....#,,,,,,,,,,*
*****,,,,.......yz...#,,,**,,,,,*
,,,,*,,,,......☼$§...#,,,**,,,,,*
,,,,*#########.☼$$...#,,,**,,,,,*
,,,,,#.......#..$°...+,,,,*,,,,,*
,,,,,#.......'.......#,,,,*,,,,,*
,,,,,#.......#.......#,,,,*,,,,,*
,,,,,#.......#.......#,,,**,,,,,*
,,,,*###+#####......##,,,**,,,,,*


You could see a killer bee (unaware) and a wight.

Vanquished Creatures
  A killer bee (D:8)
  A quokka (D:3)
2 creatures vanquished.

Vanquished Creatures (collateral kills)
  2 yaks (D:8)
  An ogre (D:6)
  An ice beast (D:5)
  2 centaurs
  2 elf zombies (Ossuary)
  3 scorpions
  A bullfrog (D:5)
  2 wights (D:7)
  4 killer bees (D:8)
  A hound (D:5)
  5 centaur zombies (Ossuary)
  A sleepcap (D:4)
  2 iguanas (D:5)
  3 mummies (Ossuary)
  12 adders
  3 river rats (D:5)
  2 shadow imps
  An ufetubus (D:6)
  4 adder zombies (Ossuary)
  3 worms (D:5)
  3 dart slugs
  14 orcs
  8 endoplasms
  2 giant cockroaches (D:1)
  A gnoll zombie (Ossuary)
  17 goblins
  12 hobgoblins
  3 jackals (D:3)
  3 quokkas
  6 ball pythons
  6 bats
  12 frilled lizards
  2 goblin zombies (Ossuary)
  A hobgoblin zombie (Ossuary)
  4 jackal zombies (Ossuary)
  8 kobolds
  3 kobold zombies (Ossuary)
  7 quokka zombies (Ossuary)
  4 rats
  4 rat zombies (Ossuary)
175 creatures vanquished.

Vanquished Creatures (others)
  A yak (D:8)
  Edmund (D:5)
  A black bear (D:5)
  2 wights (D:8)
  A killer bee (D:8)
  A centaur zombie (Ossuary)
  An orc priest (D:6)
  An orc wizard (D:6)
  3 gnolls (D:5)
  2 orcs (D:6)
  A goblin zombie (Ossuary)
  A hobgoblin zombie (Ossuary)
  A jackal zombie (Ossuary)
17 creatures vanquished.

Grand Total: 194 creatures vanquished

Notes
Turn   | Place    | Note
-------+----------+-------------------------------------------
     0 | D:1      | Irreverend the Felid Summoner began the quest for the Orb.
     0 | D:1      | Reached XP level 1. HP: 7/7 MP: 4/4
   207 | D:1      | Reached XP level 2. HP: 11/11 MP: 1/6
   275 | D:1      | Learned a level 2 spell: Call Imp
   304 | D:1      | Found a faded altar of an unknown god.
   722 | D:1      | Reached XP level 3. HP: 14/14 MP: 4/8
   728 | D:1      | Learned a level 3 spell: Call Canine Familiar
  2153 | D:2      | Reached XP level 4. HP: 16/18 MP: 4/9
  2319 | D:2      | Learned a level 3 spell: Summon Guardian Golem
  2674 | D:3      | Noticed booth's ghost (amateur GnRe)
  3007 | D:3      | Found a radiant altar of Vehumet.
  3007 | D:3      | Noticed a charred statue
  3057 | D:3      | Reached skill level 5 in Summonings
  3684 | D:3      | Found a transporter.
  3718 | D:3      | Found a transporter.
  3762 | D:3      | Reached skill level 1 in Hexes
  4200 | D:4      | Found a sand-covered staircase.
  4245 | D:4      | Reached skill level 1 in Fighting
  4245 | D:4      | Reached XP level 5. HP: 22/22 MP: 4/11
  4268 | Ossuary  | Entered an ossuary
  4563 | Ossuary  | Gained mutation: You are covered in thick fur. (AC +2)
                  | [Felid growth]
  4563 | Ossuary  | Reached XP level 6. HP: 26/26 MP: 4/12
  5161 | Ossuary  | Reached XP level 7. HP: 30/30 MP: 10/14
  5736 | D:4      | Learned a level 4 spell: Summon Lightning Spire
  6611 | D:4      | Reached skill level 5 in Dodging
  6611 | D:4      | Reached skill level 1 in Air Magic
  6747 | D:5      | Entered Level 5 of the Dungeon
  7073 | D:5      | Found a staircase to the Ecumenical Temple.
  7141 | Temple   | Entered the Ecumenical Temple
  7251 | Temple   | Became a worshipper of Gozag Ym Sagoz the Greedy
  7312 | D:5      | Reached XP level 8. HP: 34/34 MP: 10/16
  7413 | D:5      | Noticed Edmund
  7429 | D:5      | Killed Edmund
  8043 | D:5      | Reached skill level 5 in Spellcasting
  8926 | D:6      | You fall into a shaft and drop 2 floors!
  8954 | D:8      | Reached XP level 9. HP: 39/39 MP: 8/18
  9016 | D:8      | Mangled by a wyvern
  9017 | D:8      | Reached XP level 8. HP: -7/36 MP: 17/17
  9061 | D:8      | HP: 1/36 [poisoned by a killer bee]
  9062 | D:8      | Succumbed to a killer bee's poison
  9063 | D:8      | Reached XP level 7. HP: 0/33 MP: 13/16
  9075 | D:8      | Reached skill level 5 in Fighting
  9085 | D:8      | HP: 1/33 [poisoned by a killer bee]
  9086 | D:8      | Succumbed to a killer bee's poison

Illustrated notes

Levels and vault maps discovered:
D:1:      dpeg_arrival_simpleton_c, layout_loops_ring,
          shapermc_ecumenical_altar_acropolis, minmay_lizard_pond
D:2:      layout_basic, amcnicky_mini_rare_corridor_liquid, dk_noncrumbling_2
D:3:      layout_loops_ring, vehumet_statue, gammafunk_ghost_stat_death,
          nicolae_hexahallways
D:4:      layout_gridville, enter_ossuary_1
D:5:      layout_cave_pods, minmay_temple_entry_stoned_glass,
          lightli_sewer_entry_pipes, uniq_edmund
D:6:      layout_gridville, chequers_temple_overflow_minitemple
D:7:      layout_gridville, uniq_crazy_yiuf_cottage
D:8:      layout_gridville, mainiacjoe_overflow_six_doors_small,
          cheibriados_altar_1, nicolae_dithmenos_the_darkroom,
          amcnicky_altar_lugonu_corruption
Temple:   hellmonk_temple_flake

Skill      XL: |  1  2  3  4  5  6  7  8 |
---------------+-------------------------+-----
Spellcasting   | 3 4 5 |  5.9
Summonings     | 5 6 7 |  7.3
Dodging        | 3 4 5 7 |  7.5
Hexes          | 1 2 3 |  3.8
Fighting       | 1 2 5 4 |  5.1
Air Magic      | 1 3 |  3.9
Stealth        | |  2.6

Action                     |  1- 3 |  4- 6 |  7- 9 || total
---------------------------+-------+-------+-------++-------
  Melee: Unarmed           |       |     1 |    14 ||    15
         Bite              |       |       |     1 ||     1
   Cast: Summon Small Mamm |    24 |     1 |       ||    25
         Call Imp          |    18 |    20 |    22 ||    60
         Call Canine Famil |    11 |    29 |    39 ||    79
         Summon Guardian G |       |     2 |    17 ||    19
         Summon Lightning  |       |       |     4 ||     4
 Invoke: Potion Petition   |       |       |     1 ||     1
    Use: Scroll            |       |       |     9 ||     9
         Potion            |       |       |     5 ||     5
 Armour: Skin              |       |     5 |     2 ||     7
  Dodge: Dodged            |    18 |    39 |   125 ||   182
